Map: [ESL] Crimson Court

Players

ShoWTimE - Winner!

  • Race: Protoss Protoss
  • League: Master
  • Spawn Location: 7:00

HeroMarine

  • Race: Terran Terran
  • League: Grandmaster
  • Spawn Location: 1:00

Event: HomeStory Cup XXV

VOD

Have the link to the VOD?

Description

Time

  • Played on: June 23, 2024, 3:20 p.m.
  • Length: 21:32

All games in this series

Show
View Real Time Build Order
Export as new Build Order

ShoWTimE Protoss - Winner!

Build Orders: 1 Gate Expand, Phoenix Opening, Colossus Rush 

Get SALT Encoding   

  12  0:00  Probe  
  13  0:12  Probe  
  14  0:17  Pylon  
  14  0:24  Probe (Chrono Boost)  
  15  0:35  Gateway  
  15  0:36  Probe (Chrono Boost)  
  16  0:45  Assimilator, Probe (Chrono Boost)  
  17  0:50  Probe  
  18  1:03  Probe  
  19  1:15  Probe  
  20  1:21  Nexus  
  20  1:30  Cybernetics Core  
  20  1:34  Probe  
  20  1:39  Assimilator  
  21  1:46  Probe  
  22  1:48  Pylon  
  22  1:58  Probe  
  23  2:03  Adept (Chrono Boost)  
  25  2:10  Probe  
  26  2:18  Stargate  
  26  2:22  Probe  
  27  2:24  Adept (Chrono Boost)  
  29  2:32  Warp Gate  
  29  2:33  Probe (Chrono Boost)  
  31  2:37  Probe (Chrono Boost)  
  31  2:45  Probe (Chrono Boost)  
  31  2:48  Adept  
  31  2:50  Shield Battery  
  35  2:52  Probe (Chrono Boost)  
  35  2:53  Probe (Chrono Boost)  
  36  2:59  Probe x2  
  36  3:02  Phoenix (Chrono Boost)  
  40  3:11  Probe  
  40  3:12  Pylon, Probe  
  42  3:22  Phoenix (Chrono Boost)  
  42  3:23  Probe  
  45  3:28  Gateway  
  45  3:32  Probe  
  45  3:42  Phoenix  
  45  3:46  Probe  
  46  3:49  Probe  
  46  3:52  Robotics Facility  
  47  3:56  Assimilator  
  47  3:58  Probe  
  47  3:59  Assimilator  
  47  4:00  Pylon  
  47  4:01  Probe  
  49  4:11  Probe  
  49  4:13  Phoenix, Probe  
  53  4:23  Probe  
  54  4:24  Stalker x2  
  54  4:25  Probe  
  54  4:26  Pylon  
  54  4:31  Shield Battery  
  59  4:35  Probe  
  60  4:42  Immortal (Chrono Boost)  
  64  4:49  Phoenix  
  66  4:53  Probe x2  
  66  5:01  Robotics Bay  
  66  5:13  Nexus  
  66  5:16  Probe, Pylon  
  66  5:17  Observer, Probe  
  69  5:28  Pylon, Probe  
  69  5:34  Pylon, Probe, Phoenix  
  73  5:40  Probe  
  74  5:44  Colossus (Chrono Boost)  
  74  5:46  Probe  
  81  5:54  Extended Thermal Lance  
  81  5:55  Probe  
  82  5:58  Probe  
  82  5:59  Phoenix  
  85  6:07  Probe  
  85  6:09  Gateway  
  85  6:10  Probe  
  87  6:11  Pylon  
  87  6:12  Observer  
  87  6:19  Probe  
  87  6:22  Probe  
  87  6:23  Twilight Council, Colossus (Chrono Boost)  
  89  6:29  Probe  
  89  6:31  Probe  
  97  6:35  Shield Battery  
  97  6:42  Forge, Sentry  
  97  6:45  Zealot  
  97  6:46  Gateway  
  101  6:54  Gateway  
  101  6:55  Charge (Chrono Boost), Gateway  
  101  6:57  Gateway  
  101  7:00  Gateway  
  101  7:06  Probe  
  101  7:07  Probe  
  102  7:08  Colossus (Chrono Boost)  
  108  7:15  Phoenix  
  108  7:17  Pylon  
  108  7:19  Pylon  
  108  7:22  Zealot x2  
  114  7:24  Zealot  
  114  7:27  Protoss Ground Weapons Level 1 (Chrono Boost)  
  116  7:33  Shield Battery  
  116  7:37  Shield Battery  
  116  7:44  Zealot x3  
  122  7:45  Stalker  
  124  7:51  Phoenix  
  124  7:55  Observer  
  124  7:56  Stalker x3  
  111  8:00  Zealot  
  111  8:05  Zealot x2  
  113  8:10  Colossus (Chrono Boost)  
  107  8:15  Zealot x2  
  117  8:29  Nexus  
  117  8:30  Pylon  
  117  8:33  Zealot x4  
  123  8:36  Shield Battery  
  123  8:39  Blink (Chrono Boost)  
  123  8:45  Pylon  
  123  8:47  Probe x3  
  126  8:51  Stalker x2  
  130  8:59  Probe  
  131  9:04  Disruptor (Chrono Boost)  
  131  9:05  Photon Cannon  
  131  9:06  Probe x2  
  131  9:09  Protoss Ground Weapons Level 2 (Chrono Boost)  
  137  9:11  Robotics Facility  
  137  9:12  Pylon  
  137  9:22  Probe x3  
  137  9:23  Shield Battery  
  137  9:24  Disruptor  
  140  9:26  Pylon  
  140  9:34  Probe  
  145  9:39  Zealot x2  
  145  9:41  Zealot x3, Sentry  
  145  9:42  Pylon  
  157  9:46  Photon Cannon  
  157  9:57  Forge, Pylon  
  157  10:01  Disruptor (Chrono Boost)  
  157  10:07  Disruptor (Chrono Boost)  
  165  10:17  Gateway x2  
  165  10:18  Pylon x2  
  165  10:20  Stalker x3  
  171  10:22  Gateway  
  171  10:25  Gateway  
  171  10:29  Zealot x5  
  181  10:38  Nexus  
  181  10:41  Protoss Ground Armor Level 1 (Chrono Boost)  
  181  10:42  Pylon  
  181  10:45  Warp Prism (Chrono Boost)  
  187  10:50  Disruptor (Chrono Boost)  
  187  10:52  Shield Battery  
  187  10:55  Photon Cannon  
  187  10:57  Zealot x3  
  187  11:01  Stalker x2  
  197  11:13  Gateway  
  197  11:15  Gateway, Observer (Chrono Boost)  
  197  11:17  Protoss Ground Weapons Level 3 (Chrono Boost)  
  198  11:25  Photon Cannon  
  196  11:27  Photon Cannon  
  196  11:32  Zealot x2  
  197  11:46  Stalker x4  
  197  11:47  Stalker  
  193  12:01  Probe  
  178  12:12  Photon Cannon  
  178  12:14  Photon Cannon  
  172  12:20  Gateway x2  
  172  12:21  Zealot x9, Gateway  
  188  12:24  Gateway x2  
  188  12:25  Gateway  
  188  12:27  Gateway  
  188  12:29  Gateway, Photon Cannon  
  188  12:30  Pylon  
  188  12:32  Zealot x4  
  196  12:43  Disruptor (Chrono Boost)  
  196  12:50  Disruptor (Chrono Boost)  
  196  12:51  Zealot x7  
  193  12:53  Probe x3  
  193  12:57  Protoss Ground Armor Level 2 (Chrono Boost)  
  200  13:29  Photon Cannon  
  200  13:31  Photon Cannon  
  198  13:39  Zealot  
  176  13:50  Zealot x15  
  176  13:51  Zealot x2  
  196  14:00  Zealot x2  
  196  14:01  Protoss Shields Level 1 (Chrono Boost)  
  200  14:12  Nexus  
  200  14:17  Pylon  
  200  14:21  Disruptor (Chrono Boost)  
  200  14:22  Disruptor (Chrono Boost)  
  146  14:39  Zealot x10, Observer  
  146  14:45  Zealot x11  
  186  14:48  Probe x3  
  186  14:49  Probe  
  186  14:51  Disruptor x2 (Chrono Boost)  
  182  15:04  Stalker x8  
  182  15:05  Stalker, Unknown  
  182  15:06  Observer  
  192  15:11  Zealot  
  192  15:12  Shield Battery  
  192  15:13  Zealot  
  196  15:16  Zealot x2  
  182  15:41  Zealot x8  
  182  15:42  Zealot x4  
  185  16:03  Zealot x8  
  173  16:13  Zealot x3  
  173  16:14  Zealot x8  
  173  16:16  Zealot  
  173  16:18  Zealot  
  173  16:40  Zealot x6  
  173  16:41  Zealot x6  
  169  16:50  Colossus (Chrono Boost)  
  169  16:51  Colossus (Chrono Boost)  
  167  16:59  Zealot x2  
  171  17:02  Nexus  
  171  17:20  Pylon  
  171  17:28  Zealot x8  
  171  17:29  Zealot x2  
  187  17:33  Pylon  
  187  17:34  Stalker x3, Colossus (Chrono Boost)  
  199  17:38  Dark Shrine  
  195  17:48  Stalker x3  
  192  18:01  Zealot x10  
  186  18:14  Nexus  
  186  18:24  Zealot x5  
  186  18:26  Zealot x3  
  181  18:38  Zealot x6  
  181  18:39  Zealot  
  189  18:44  Zealot x3  
  195  18:50  Shadow Stride (Chrono Boost)  
  195  18:51  Pylon  
  195  18:53  Observer (Chrono Boost)  
  197  19:01  Observer (Chrono Boost)  
  194  19:10  Zealot x3  
  194  19:11  Zealot x2  
  182  19:25  Disruptor x2  
  182  19:32  Zealot x8  
  198  19:44  Stalker  
  200  19:47  Observer  
  200  19:59  Nexus  
  200  20:08  Pylon  
  200  20:11  Nexus  
  200  20:12  Robotics Facility  
  200  20:13  Nexus  
  200  20:27  Zealot x4  
  171  20:36  Zealot x12  
  171  20:42  Zealot x5  
  185  20:53  Stalker x4  
  189  20:58  Stalker x2  
  189  20:59  Zealot x2  
Show
View Real Time Build Order
Export as new Build Order

HeroMarine Terran 

Build Orders:  

Get SALT Encoding   

  12  0:00  SCV  
  13  0:12  SCV  
  14  0:17  Supply Depot  
  14  0:24  SCV  
  15  0:38  SCV  
  15  0:39  Barracks  
  15  0:42  Refinery  
  16  0:50  SCV  
  16  0:53  Refinery  
  17  1:02  SCV  
  18  1:14  SCV  
  19  1:26  Orbital Command, Reaper  
  20  1:40  Factory  
  20  1:48  Supply Depot  
  20  1:52  SCV  
  21  1:58  Barracks Reactor  
  21  2:04  SCV  
  22  2:16  Command Center  
  22  2:17  SCV  
  23  2:23  Hellion  
  23  2:29  SCV  
  26  2:34  Reaper  
  26  2:35  Reaper  
  28  2:38  Supply Depot  
  28  2:43  SCV  
  29  2:45  Hellion  
  31  2:53  Starport  
  31  2:59  SCV  
  32  3:06  Widow Mine  
  32  3:07  Marine x2  
  32  3:11  SCV  
  37  3:24  SCV  
  38  3:28  Orbital Command  
  38  3:32  Cyclone, Medivac  
  42  3:36  SCV, Marine  
  42  3:38  Marine  
  45  3:48  SCV  
  46  3:52  Supply Depot  
  46  3:54  SCV  
  47  3:56  Marine  
  47  3:57  Marine  
  47  4:02  Viking  
  52  4:06  Cyclone  
  53  4:10  Supply Depot  
  53  4:13  SCV  
  53  4:14  SCV, Marine  
  53  4:15  Marine  
  57  4:17  Supply Depot  
  57  4:25  SCV  
  57  4:26  SCV  
  59  4:32  Marine  
  59  4:33  Marine  
  59  4:37  SCV  
  62  4:38  SCV  
  62  4:41  Cyclone, Viking  
  65  4:50  Marine x2  
  67  4:53  Command Center  
  67  4:54  SCV  
  67  4:57  SCV  
  66  5:06  SCV  
  65  5:09  SCV, Barracks  
  65  5:13  Barracks  
  68  5:17  Factory Tech Lab  
  68  5:18  SCV  
  68  5:19  Viking  
  68  5:20  Marine x2  
  71  5:21  SCV  
  71  5:24  Refinery  
  71  5:25  Refinery  
  71  5:30  SCV  
  71  5:33  SCV  
  71  5:34  Supply Depot  
  73  5:41  Siege Tank  
  78  5:47  SCV  
  78  5:48  SCV  
  78  5:53  Barracks Tech Lab  
  78  5:58  Viking x2, Barracks Reactor  
  78  6:00  SCV  
  78  6:01  Barracks Tech Lab, Engineering Bay  
  84  6:08  Orbital Command  
  83  6:12  Combat Shield  
  83  6:14  Barracks  
  83  6:16  Siege Tank, Barracks  
  88  6:28  Viking x2  
  88  6:31  Missile Turret  
  90  6:34  Marine x4  
  90  6:38  Orbital Command  
  94  6:41  Missile Turret  
  96  6:48  Siege Tank, Missile Turret  
  96  6:50  Supply Depot, Terran Infantry Weapons Level 1  
  97  7:01  Marine x4  
  97  7:02  Viking x2  
  101  7:11  SCV x3  
  101  7:13  Supply Depot  
  104  7:20  Missile Turret  
  104  7:22  Siege Tank  
  107  7:23  SCV x2  
  107  7:29  SCV  
  108  7:32  Marine  
  108  7:34  Marine, Stimpack  
  108  7:36  SCV  
  108  7:37  Supply Depot, Marine  
  111  7:38  Supply Depot  
  111  7:40  SCV  
  111  7:41  SCV  
  114  7:48  SCV  
  115  7:56  SCV  
  115  7:57  Marauder  
  97  7:58  Marauder  
  97  7:59  SCV  
  97  8:04  Marine  
  97  8:05  Marine  
  92  8:06  SCV  
  92  8:08  SCV  
  92  8:09  Medivac  
  92  8:11  SCV, Medivac  
  99  8:18  SCV, Marine  
  99  8:19  Barracks Tech Lab  
  101  8:20  Barracks Reactor  
  101  8:22  Marine x2  
  101  8:23  SCV x2  
  101  8:26  Engineering Bay, Armory  
  105  8:28  Marauder  
  105  8:30  SCV  
  108  8:35  SCV x2  
  108  8:36  Marauder  
  108  8:39  Medivac  
  108  8:41  Refinery, Medivac  
  116  8:42  Refinery  
  116  8:45  Supply Depot, Marauder  
  116  8:47  Marine x2  
  120  8:48  SCV  
  120  8:49  Marauder  
  120  8:51  SCV x2  
  125  8:57  Marine  
  125  9:00  SCV  
  117  9:03  Marine x2  
  117  9:05  Marine  
  117  9:06  Marauder  
  117  9:07  Marine, Command Center  
  122  9:10  Marauder  
  122  9:13  Terran Infantry Armor Level 1  
  122  9:14  Terran Infantry Weapons Level 2  
  122  9:15  Marine  
  122  9:16  Viking  
  126  9:17  Viking  
  126  9:20  Marine, Factory Reactor  
  126  9:22  Starport  
  126  9:23  Concussive Shells  
  129  9:28  Marauder  
  129  9:31  Terran Ship Weapons Level 1  
  131  9:32  Marauder  
  131  9:35  Supply Depot  
  131  9:36  Supply Depot x2  
  136  9:41  Marauder  
  135  9:49  Marauder  
  137  9:53  Marauder  
  137  9:54  Barracks  
  137  9:55  Barracks x2  
  137  9:58  Sensor Tower  
  141  10:00  Medivac x2  
  141  10:03  SCV x3  
  141  10:07  Marauder  
  148  10:11  Marauder  
  148  10:14  Viking x2  
  154  10:15  Marauder  
  154  10:16  Supply Depot  
  154  10:18  Supply Depot  
  156  10:21  SCV x2  
  156  10:22  SCV  
  159  10:30  Marauder  
  159  10:32  Marauder  
  159  10:33  SCV  
  159  10:34  SCV x2  
  165  10:36  Marauder  
  165  10:41  Planetary Fortress  
  167  10:43  Missile Turret  
  167  10:47  Medivac x2  
  167  10:48  Barracks Tech Lab, Barracks Reactor  
  171  10:50  Barracks Tech Lab  
  171  10:52  Marine x3, Marauder  
  171  10:53  Marine, Marauder  
  179  10:57  Marauder  
  181  11:06  Supply Depot  
  181  11:07  Sensor Tower  
  181  11:08  Terran Infantry Armor Level 2  
  181  11:12  Marauder x2  
  181  11:13  Marauder  
  181  11:14  Marine x3  
  181  11:15  Marine, Marauder  
  181  11:16  Ghost Academy  
  193  11:19  Marauder  
  194  11:26  Marine x2  
  194  11:32  Marine x3  
  197  11:33  Marauder  
  199  11:41  Marine  
  198  11:48  Marauder  
  193  11:59  Medivac x2  
  193  12:00  Ghost x2  
  186  12:01  Marauder  
  186  12:02  Marine x2, Command Center, Marauder  
  186  12:04  Command Center  
  186  12:05  Marine x2  
  192  12:09  SCV x2, Marauder  
  192  12:10  SCV  
  189  12:16  SCV  
  189  12:17  Marine x2  
  189  12:19  Medivac x2  
  189  12:20  Marine  
  189  12:21  SCV x2  
  189  12:22  SCV  
  200  12:24  Terran Infantry Weapons Level 3  
  200  12:28  Unknown  
  200  12:30  Marine  
  197  12:40  Marauder  
  191  12:47  Marine x2  
  191  12:48  Marine, Marauder x2  
  168  12:52  Terran Ship Weapons Level 2  
  168  12:54  Ghost x2  
  168  12:55  Marine x3  
  175  13:02  Marauder  
  175  13:03  Factory Reactor  
  175  13:05  Marine x2  
  179  13:06  Marine  
  179  13:09  Marauder x2  
  184  13:16  Orbital Command  
  184  13:23  Marine x2, Marauder x3  
  184  13:24  Barracks x2  
  192  13:29  Viking x3  
  192  13:31  Marauder  
  185  13:53  Marauder x2  
  185  13:54  Marine x4, Marauder x2  
  184  13:55  Marine x2  
  184  13:56  Marauder  
  184  14:01  Viking x4  
  179  14:03  Widow Mine x2  
  179  14:05  Planetary Fortress  
  181  14:12  Marine x4  
  181  14:13  Marine  
  181  14:14  Marauder x2  
  181  14:15  Marauder  
  178  14:25  Marauder  
  178  14:28  Marauder  
  158  14:32  Marine x3  
  158  14:36  Marauder x2  
  158  14:38  Marine x2  
  159  14:39  Marine x2  
  159  14:41  SCV x2  
  159  14:43  Widow Mine x2  
  164  14:46  Marine  
  164  14:47  SCV x2  
  164  14:48  SCV  
  164  14:49  SCV, Marine  
  164  14:51  Marine x2  
  164  14:55  Medivac x3  
  164  14:56  Medivac  
  164  14:57  Marine, Marauder x2  
  178  15:02  Ghost  
  178  15:03  Missile Turret  
  178  15:05  Ghost  
  176  15:10  Barracks Tech Lab  
  176  15:11  Barracks Tech Lab, Ghost  
  176  15:12  Marine  
  179  15:17  Ghost  
  181  15:22  Ghost  
  181  15:25  Marine x2  
  184  15:31  Ghost  
  184  15:32  Marauder  
  184  15:33  Marauder  
  184  15:34  Marauder  
  173  15:39  Marine x2  
  173  15:40  Marauder  
  173  15:44  Marine x2  
  173  15:46  Marine  
  173  15:47  Marine, Marauder  
  179  15:50  Orbital Command  
  179  15:51  Marauder  
  179  15:53  Ghost  
  179  15:54  Ghost  
  179  15:55  Marauder  
  170  15:57  Marine x2  
  170  16:00  Marauder  
  170  16:01  Marine, Marauder  
  170  16:02  Marine  
  167  16:04  Marine x2  
  167  16:07  Viking x3  
  167  16:08  Marauder  
  177  16:13  Marauder  
  177  16:17  Marauder  
  181  16:18  Refinery  
  181  16:21  Marine x2  
  181  16:22  Marauder x2  
  181  16:23  Marauder x2  
  191  16:30  Marauder  
  191  16:31  Refinery  
  181  16:34  Marauder  
  181  16:35  Refinery  
  181  16:38  Marauder  
  169  16:44  Marine x2, Marauder x2  
  169  16:45  Marine x2  
  169  16:46  Marine, Marauder  
  169  16:47  Marine  
  168  16:50  Medivac x2  
  168  16:51  Medivac x2  
  168  16:53  Marauder x2  
  168  16:56  Marine  
  168  16:57  SCV x2  
  168  16:59  Marine  
  172  17:02  Marine x4, Widow Mine  
  172  17:03  Widow Mine  
  172  17:06  Marauder x2  
  184  17:11  Marine x2, Sensor Tower  
  184  17:12  Marauder  
  184  17:14  Marine x3  
  191  17:17  Marauder  
  193  17:25  Marine x4  
  193  17:27  Marauder  
  199  17:32  Sensor Tower  
  198  17:54  Viking  
  198  18:04  Marauder  
  177  18:07  Marauder x2  
  177  18:08  Marauder x2  
  177  18:09  Marine x2  
  177  18:11  Fusion Core, Marauder  
  187  18:14  Viking x3  
  187  18:16  Marine, Marauder  
  187  18:17  Marine  
  187  18:19  Command Center  
  197  18:26  Marauder  
  188  18:30  Marauder x2  
  188  18:34  Marauder  
  175  18:38  Marauder  
  175  18:39  Widow Mine x2  
  175  18:40  Marauder x2  
  184  18:45  Marine x2  
  184  18:47  Marauder  
  188  18:49  Marine x2  
  188  18:51  Marauder  
  188  18:54  Ghost x2  
  196  18:57  Advanced Ballistics  
  196  18:59  Liberator  
  183  19:22  Medivac  
  171  19:24  Liberator x2  
  171  19:26  Ghost x2  
  171  19:28  Marauder  
  183  19:36  Ghost x2  
  183  19:37  Marauder x2  
  191  19:42  Liberator  
  194  19:47  Marine x2  
  194  19:49  Sensor Tower  
  194  19:50  Marauder  
  198  19:56  Marauder  
  200  20:04  Starport  
  190  20:21  Hi-Sec Auto Tracking  
  190  20:25  Marauder  
  190  20:26  Marauder  
  190  20:27  Marine  
  190  20:28  Marine, Marauder  
  174  20:30  Marauder  
  162  20:37  Marine x2, Marauder  
  140  20:43  Marine  
  140  20:47  Marine, Marauder  
  133  20:54  Marine  
  133  20:55  Marine x2  
  132  21:00  Marauder  
Tags
 
Add a new tag
Caveats
  • Supply blocks, unpowered buildings, or Contaminate may cause inaccurate times.
  • Supply counts are checked every 10 seconds.